 Dungeon Crawl Stone Soup version 0.30-a0-172-gc5509c9e31 (webtiles) character file.

Game seed: 11288515283177764823

9 quinnr the Digger (level 2, -3/15 HPs)
             Began as a Gargoyle Earth Elementalist on Oct 1, 2022.
             Slain by a kobold
             ... wielding a +2 short sword of protection
              (4 damage)
             ... on level 1 of the Dungeon.
             The game lasted 00:01:13 (265 turns).

quinnr the Digger (Gargoyle Earth Elementalist)      Turns: 265, Time: 00:01:14

Health: -3/15      AC:  4    Str: 11    XL:     2   Next: 12%
Magic:  0/5        EV: 12    Int: 15    God:
Gold:   22         SH:  0    Dex: 10    Spells: 4/5 levels left

rFire   . . .      SeeInvis .    c - staff of conjuration {!a}
rCold   . . .      Faith    .    (no shield)
rNeg    + . .      Spirit   .    a - +0 robe
rPois   ∞          Reflect  .    (no helmet)
rElec   +          Harm     .    (no cloak)
rCorr   .          Rampage  .    (no gloves)
Will    .....                    (no boots)
Stlth   ++........               (no amulet)
HPRegen 0.22/turn                (no ring)
MPRegen 0.09/turn                (no ring)

@: no status effects
A: sickness immunity, AC +2, negative energy resistance 1, electricity
resistance, torment resistance 1, petrification resistance
a: no special abilities


You were on level 1 of the Dungeon.
You visited 1 branch of the dungeon, and saw 1 of its levels.

You collected 22 gold pieces.


Innate Abilities, Weirdness & Mutations

You are immune to sickness and miasma.
Your stone body is resilient. (AC +2)
You are immune to poison.
You resist negative energy. (rN+)
You are resistant to electric shocks. (rElec)
You are resistant to unholy torment.
You are immune to petrification.


   Skills:
 + Level 0.3 Fighting
 + Level 1.6 Dodging
 - Level 2.1 Stealth
 + Level 2.0 Spellcasting
 * Level 1.1 Transmutations
 * Level 3.8 Earth Magic


You had 4 spell levels left.
You knew the following spells:

 Your Spells              Type           Power      Damage    Failure   Level
z - Sandblast             Erth           26%        2d8       4%          1

Your spell library contained the following spells:

 Spells                   Type           Power      Damage    Failure   Level
 Passwall                 Tmut/Erth      7%         N/A       12%         2
 Stone Arrow              Conj/Erth      22%        3d8       30%         3
 Petrify                  Tmut/Erth      9%         N/A       61%         4

Inventory:

Armour
 a - a +0 robe (worn)
Magical Staves
 c - a staff of conjuration (weapon) {!a}
Potions
 b - a potion of magic

Dungeon Overview and Level Annotations

Branches:
Dungeon (1/15)

Altars:

..........#.# #....##.#.#
.######.#.#.###.........#
.. ....................#
..#
##..#.#.##.#........##.
..#
#..#.#.##.............
..# #..# #.##.........#
..# #.##.░.░.....# #.#
#.#.##..⚑..##.## #.#
.......░@░.# .#
#.############.K...##.#
......................#
#.###########...#######
........ #.### ........
##.######## ........
#..........
..[.....####..########
..............#


You could see a kobold.


Message History

Really attack while wielding your staff of conjuration {!a}? [Y]es or [N]o only, please.
Really attack while wielding your staff of conjuration {!a}?
You hit the kobold.
The kobold is severely wounded.
The kobold hits you with a +2 short sword of protection.
* * * LOW HITPOINT WARNING * * *
You hit the kobold but do no damage.
The kobold is severely wounded.
The kobold hits you with a +2 short sword of protection.
* * * LOW HITPOINT WARNING * * *
Okay, then.
The kobold attacks as you move away!
The kobold hits you with a +2 short sword of protection.
* * * LOW HITPOINT WARNING * * *
The kobold attacks as you move away! The kobold misses you.
The kobold attacks as you move away!
The kobold hits you with a +2 short sword of protection.
* * * LOW HITPOINT WARNING * * *
Casting: Sandblast (safe; 4% risk of failure)
Confirm with . or Enter, or press ? or * to list all spells.
You don't know that spell.
Casting: Sandblast (safe; 4% risk of failure)
Confirm with . or Enter, or press ? or * to list all spells.
Aiming: Sandblast (safe; 4% risk of failure)
Press: ? - help, Shift-Dir - straight line, f/p - kobold
Aim: a kobold, wielding a +2 short sword of protection (severely wounded, 77% to hit)
The blast of sand misses the kobold.
The kobold hits you with a +2 short sword of protection.
You die...

Skill      XL: |  1 |
---------------+----+-----
Transmutations | 1 |  1.1
Fighting       | |  0.3
Dodging        | |  1.6
Stealth        | |  2.1
Spellcasting   | |  2.0
Earth Magic    | |  3.8

Action                   || total
-------------------------++-------
Melee: Staff             ||     2
 Cast: Sandblast         ||    17
Armor: Robe              ||     3
Dodge: Dodged            ||     6

Levels and vault maps discovered:
D:1:      dpeg_arrival_connections, layout_basic,
          chequers_ecumenical_altar_simple

Notes
Turn   | Place    | Note
-------+----------+-------------------------------------------
     0 | D:1      | quinnr the Gargoyle Earth Elementalist began the quest for
                  | the Orb.
     0 | D:1      | Reached XP level 1. HP: 10/10 MP: 3/3
    57 | D:1      | Found a faded altar of an unknown god.
    94 | D:1      | Reached skill level 1 in Transmutations
   161 | D:1      | Reached XP level 2. HP: 15/15 MP: 1/5
   264 | D:1      | HP: 1/15 [kobold/+2 short sword of protection (4)]
   265 | D:1      | Slain by a kobold

Vanquished Creatures
  A bat (D:1)
  2 endoplasms (D:1)
  A hobgoblin (D:1)
  A kobold (D:1)
  2 frilled lizards (D:1)
  A rat (D:1)
8 creatures vanquished.

Table legend: (Time is in decaauts)
 A = Elapsed time spent in this place.
 B = Non-inter-level travel time spent in this place.
 C = Inter-level travel time spent in this place.
 D = Time resting spent in this place.
 E = Time spent auto-exploring this place.
 F = Levels seen in this place.
 G = Mean time per level.
                   A        B        C        D        E       F      G
               +--------+--------+--------+--------+--------+-----+--------+
         Total |    272 |    272 |      0 |      0 |    179 |   1 |  272.0 |
       Dungeon |    272 |    272 |      0 |      0 |    179 |   1 |  272.0 |
               +--------+--------+--------+--------+--------+-----+--------+

Top non-repeatable levels by time:
     D:1: 272 daAuts

Table legend:
 A = Non-vault XP
 B = Vault XP
 C = Vault XP percentage of total XP
 D = Non-vault monster count
 E = Vault monster count
 F = Vault count percentage of total count
                 A         B        C        D         E       F
            +---------+---------+-------+---------+---------+-------
      Total |      13 |       0 |   0.0 |       8 |       0 |   0.0
            +---------+---------+-------+---------+---------+-------
        D:1 |      13 |       0 |   0.0 |       8 |       0 |   0.0
            +---------+---------+-------+---------+---------+-------
